Map: Lerilak Crest

Players

아마추어 (MC)

  • Race: Protoss Protoss
  • League: Grandmaster

Solar - Winner!

  • Race: Zerg Zerg
  • League: Grandmaster

Event: Root's WW3

VOD

Have the link to the VOD?

Description

Time

  • Played on: Dec. 12, 2015, 8:34 a.m.
  • Length: 9:45

All games in this series

Show
View Real Time Build Order
Export as new Build Order

아마추어 Protoss 

Build Orders: 1 Gate Expand 

Get SALT Encoding   

  12  0:01  Probe (Chrono Boost)  
  13  0:11  Probe (Chrono Boost)  
  14  0:18  Pylon  
  14  0:23  Probe (Chrono Boost)  
  15  0:37  Probe (Chrono Boost)  
  15  0:39  Gateway  
  16  0:47  Probe (Chrono Boost)  
  16  0:49  Assimilator  
  17  0:58  Probe (Chrono Boost)  
  18  1:08  Probe (Chrono Boost)  
  19  1:24  Nexus  
  19  1:34  Cybernetics Core  
  19  1:37  Probe (Chrono Boost)  
  20  1:44  Assimilator  
  20  1:48  Probe (Chrono Boost)  
  20  1:53  Pylon  
  21  1:59  Probe (Chrono Boost)  
  22  2:09  Probe (Chrono Boost)  
  22  2:10  Warp Gate  
  22  2:11  Adept (Chrono Boost)  
  25  2:21  Mothership Core  
  27  2:34  Probe  
  27  2:35  Adept (Chrono Boost)  
  30  2:42  Probe  
  30  2:44  Twilight Council, Probe  
  32  2:54  Probe  
  32  2:55  Probe  
  34  2:58  Pylon  
  34  3:02  Sentry (Chrono Boost)  
  36  3:05  Probe  
  36  3:06  Probe  
  38  3:16  Probe  
  38  3:19  Probe  
  40  3:26  Resonating Glaives (Chrono Boost)  
  40  3:27  Probe  
  40  3:31  Probe  
  42  3:35  Gateway  
  42  3:37  Probe  
  42  3:40  Gateway  
  43  3:43  Probe, Pylon  
  43  3:45  Sentry  
  43  3:48  Probe  
  46  3:55  Probe  
  48  3:59  Robotics Facility  
  48  4:03  Probe  
  48  4:06  Pylon  
  48  4:07  Probe  
  50  4:14  Probe, Assimilator  
  50  4:16  Assimilator  
  51  4:19  Probe  
  51  4:23  Pylon  
  52  4:27  Probe, Adept  
  55  4:31  Probe  
  55  4:32  Gateway  
  55  4:33  Pylon  
  56  4:39  Probe, Adept x2  
  56  4:43  Probe  
  62  4:48  Warp Prism (Chrono Boost)  
  64  4:52  Adept  
  64  4:59  Adept x2  
  70  5:02  Blink  
  70  5:04  Probe  
  70  5:05  Probe  
  72  5:16  Forge  
  72  5:21  Observer (Chrono Boost)  
  73  5:22  Pylon  
  73  5:24  Pylon  
  73  5:28  Sentry x2  
  73  5:29  Sentry  
  73  5:31  Probe x2  
  73  5:32  Sentry  
  83  5:42  Nexus  
  83  5:59  Adept x4  
  83  6:01  Probe x2  
  87  6:05  Immortal (Chrono Boost)  
  81  6:19  Probe x2  
  81  6:20  Protoss Ground Weapons Level 1 (Chrono Boost)  
  81  6:21  Robotics Bay  
  81  6:24  Stalker  
  85  6:27  Stalker  
  87  6:37  Probe x2  
  89  6:40  Stalker x2  
  93  6:47  Stalker  
  93  6:50  Stalker  
  97  6:54  Gateway  
  97  6:55  Gateway  
  97  6:57  Pylon  
  95  7:12  Stalker x3  
  95  7:13  Stalker  
  95  7:14  Probe  
  103  7:15  Probe x2  
  106  7:29  Gateway  
  106  7:30  Gateway  
  106  7:36  Stalker  
  106  7:37  Stalker x3  
  114  7:51  Warp Prism  
  98  7:54  Stalker x2  
  88  8:02  Stalker x4  
  84  8:18  Stalker  
  86  8:21  Mothership Core  
  86  8:22  Probe x2  
  86  8:24  Assimilator  
  86  8:25  Stalker x2, Pylon, Assimilator  
  91  8:38  Photon Cannon  
  91  8:40  Pylon  
  91  8:42  Stalker x3  
  95  8:56  Adept  
  95  8:57  Adept x2  
  95  8:58  Adept x2  
  94  9:07  Stalker x2  
  94  9:08  Stalker  
  77  9:19  Stalker  
  77  9:20  Stalker  
  79  9:34  Stalker x3  
Show
View Real Time Build Order
Export as new Build Order

Solar Zerg - Winner!

Build Orders: 3 Hatch before Pool 

Get SALT Encoding   

  12  0:00  Drone  
  13  0:12  Overlord  
  13  0:17  Drone  
  14  0:30  Drone x2  
  14  0:34  Drone  
  17  0:52  Hatchery  
  17  0:54  Drone  
  17  0:58  Drone  
  18  1:06  Drone  
  19  1:17  Drone  
  20  1:27  Hatchery  
  20  1:32  Extractor  
  18  1:37  Spawning Pool  
  17  1:41  Drone  
  17  1:43  Drone  
  19  1:49  Drone  
  20  2:00  Drone  
  21  2:03  Drone  
  22  2:12  Drone  
  23  2:24  Zergling x2, Queen x2  
  28  2:32  Metabolic Boost  
  28  2:36  Overlord  
  28  2:39  Queen  
  28  2:41  Drone  
  31  2:44  Drone  
  31  2:47  Drone  
  31  2:49  Drone  
  34  2:55  Zergling x2  
  34  2:56  Zergling x2  
  34  2:57  Drone x2  
  38  3:00  Drone  
  38  3:04  Overlord  
  39  3:08  Extractor  
  39  3:10  Spore Crawler, Zergling x2  
  39  3:11  Drone  
  39  3:16  Zergling x2  
  42  3:21  Overlord  
  42  3:24  Zergling x2  
  42  3:26  Zergling x2  
  43  3:32  Zergling x4  
  45  3:34  Drone x3  
  45  3:35  Drone x2  
  45  3:37  Overlord  
  45  3:39  Overlord  
  50  3:41  Drone  
  50  3:44  Drone  
  50  3:48  Extractor  
  50  3:49  Drone x2  
  50  3:50  Drone  
  50  3:53  Drone  
  50  3:54  Drone  
  55  3:56  Overlord  
  55  4:02  Drone  
  56  4:04  Drone  
  56  4:06  Drone x2  
  56  4:07  Drone x2  
  61  4:11  Roach Warren  
  61  4:12  Drone  
  61  4:14  Drone  
  62  4:17  Drone  
  62  4:19  Lair, Extractor  
  62  4:23  Overlord  
  62  4:25  Drone x3  
  62  4:27  Drone  
  65  4:32  Extractor  
  65  4:36  Drone  
  65  4:37  Drone  
  65  4:38  Drone x4  
  70  4:40  Drone x3  
  70  4:42  Drone, Extractor  
  73  4:48  Zergling x4  
  75  4:53  Overlord  
  75  4:58  Roach  
  77  5:01  Roach  
  77  5:03  Roach x3  
  85  5:08  Roach x2  
  85  5:10  Evolution Chamber, Overlord  
  85  5:11  Overlord  
  85  5:12  Roach x3  
  93  5:15  Roach  
  93  5:18  Zergling x2  
  93  5:20  Extractor  
  93  5:21  Overseer  
  95  5:25  Zergling x2  
  95  5:26  Zergling x2  
  95  5:27  Glial Reconstitution  
  95  5:28  Overlord  
  97  5:32  Spire  
  96  5:36  Zergling x10  
  96  5:41  Overlord  
  101  5:43  Drone x2  
  101  5:47  Roach x3, Zergling x4  
  111  5:50  Overlord  
  107  5:58  Zergling x4  
  107  6:01  Queen  
  103  6:05  Roach x2  
  103  6:06  Roach x2, Zergling x2  
  103  6:07  Zergling x2  
  106  6:11  Zergling x2  
  106  6:13  Zergling x6  
  106  6:16  Overlord  
  106  6:17  Zergling x2  
  108  6:25  Ravager  
  108  6:27  Drone x2, Ravager  
  108  6:28  Overlord  
  111  6:34  Drone x3  
  111  6:40  Drone x2  
  111  6:41  Drone  
  111  6:42  Overlord  
  111  6:44  Overlord  
  114  6:47  Zerg Melee Weapons Level 1  
  114  6:48  Mutalisk x3  
  120  6:54  Mutalisk  
  120  6:59  Mutalisk  
  120  7:00  Mutalisk x3  
  130  7:02  Zergling x2  
  130  7:04  Mutalisk  
  131  7:10  Mutalisk  
  131  7:11  Zergling x6  
  135  7:17  Zergling x2  
  135  7:18  Zergling x6  
  139  7:25  Mutalisk x2  
  139  7:27  Overlord  
  139  7:28  Zergling x2  
  139  7:29  Zergling x2  
  143  7:37  Mutalisk  
  143  7:42  Zergling x4  
  140  7:45  Zergling x4  
  135  7:52  Mutalisk x3  
  135  7:53  Zergling x2  
  135  7:54  Zergling x6  
  135  7:57  Zergling x6  
  140  8:01  Mutalisk  
  140  8:03  Drone  
  140  8:08  Mutalisk  
  140  8:12  Hatchery  
  138  8:14  Mutalisk  
  138  8:16  Drone x2  
  140  8:21  Ravager  
  140  8:24  Drone, Ravager  
  140  8:25  Overlord  
  143  8:27  Mutalisk  
  143  8:29  Zergling x18  
  154  8:35  Mutalisk  
  154  8:38  Zergling x2  
  157  8:43  Zergling x2  
  157  8:48  Zergling x2  
  155  8:56  Zergling x4  
  155  9:01  Mutalisk x3  
  159  9:05  Zergling x2  
  159  9:06  Zergling x16  
  152  9:19  Mutalisk x3  
  157  9:26  Zergling x6  
  160  9:32  Ravager x2  
  160  9:33  Ravager  
Tags
 
Add a new tag
Caveats
  • Supply blocks, unpowered buildings, or Contaminate may cause inaccurate times.
  • Supply counts are checked every 10 seconds.